 Dungeon Crawl Stone Soup version 0.19-a0-1498-g0b85ae9 (webtiles) character file.

2123 Amnesiac the Jinx (level 9, -5/33 (34) HPs)
             Began as a Felid Enchanter on Sept 10, 2016.
             Was a Priest of Dithmenos.
             Killed by divine providence
             ... invoked by an orc priest
              (13 damage)
             ... on level 8 of the Dungeon.
             The game lasted 00:25:59 (10429 turns).

Amnesiac the Jinx (Felid Enchanter)                Turns: 10429, Time: 00:26:00

HP:   -5/33 (34)    AC:  2    Str:  4    XL:     9   Next: 8%
MP:   17/20         EV: 18    Int: 23    God:    Dithmenos [***...]
Gold: 269           SH:  0    Dex: 18    Spells: 5 memorised, 10 levels left
                                        Lives: 0   Deaths: 2

rFire  . . .     SeeInvis +       - Unarmed
rCold  . . .     Gourm    .     (armour unavailable)
rNeg   . . .     Faith    .     (shield unavailable)
rPois  .         Spirit   .     (helmet unavailable)
rElec  .         Dismiss  .     (cloak unavailable)
rCorr  .         Reflect  .     (gloves unavailable)
MR     +....     Harm     .     (boots unavailable)
Stlth  +++++.....               (no amulet)
                                (no ring)
                                j - ring of wizardry

@: brilliant, flying, wreathed by umbra, quick
A: no armour, no weapons or thrown items, claws 1, fangs 3, see invisible,
carnivore 3, speed 1, shaggy fur 2, slow metabolism 1, sharp paws
a: Shadow Step, Renounce Religion


You were on level 8 of the Dungeon.
You worshipped Dithmenos.
Dithmenos was most pleased with you.
You were very full.

You visited 1 branch of the dungeon, and saw 8 of its levels.

You collected 269 gold pieces.

Inventory:

Jewellery
 j - a ring of wizardry (left paw)
 B - an uncursed ring of ice {unknown}
Scrolls
 c - a scroll of recharging {unknown}
 e - 2 scrolls of fog {unknown}
 g - 5 scrolls of remove curse {unknown}
 k - 11 scrolls of identify {unknown}
 l - a scroll of enchant weapon {unknown}
 n - 3 scrolls of amnesia {unknown}
 o - a scroll of fear {unknown}
 r - a scroll of magic mapping {unknown}
 u - a scroll of enchant armour {unknown}
 w - a scroll of noise {unknown}
 x - a scroll of random uselessness {unknown}
 y - a scroll of summoning {unknown}
 z - a scroll of vulnerability {unknown}
 D - a scroll of teleportation {unknown}
Potions
 d - a potion of beneficial mutation {unknown}
 f - a potion of brilliance
 i - a potion of might {unknown}
 m - a potion of mutation {unknown}
 p - a potion of flight
 q - a potion of heal wounds {unknown}
 s - a potion of haste {unknown}
 t - 2 potions of ambrosia {unknown}
 v - a potion of degeneration {unknown}
 A - a potion of magic {unknown}
 C - 3 potions of curing
Books
 a - a book of Maledictions

   Spells                             Type                      Level
   a - Corona                         Hexes                        1
   b - Ensorcelled Hibernation        Hexes/Ice                    2
   c - Confuse                        Hexes                        3
   d - Tukima's Dance                 Hexes                        3
   e - Dazzling Spray                 Conjuration/Hexes            3
 h - a book of the Sky

   Spells                             Type                      Level
   a - Summon Lightning Spire         Summoning/Air                4
   b - Airstrike                      Air                          4
   c - Silence                        Hexes/Air                    5
   d - Deflect Missiles               Charms/Air                   6
   e - Conjure Ball Lightning         Conjuration/Air              6
   f - Tornado                        Air                          9
Comestibles
 b - 5 meat rations


   Skills:
 - Level 2.6 Dodging
 - Level 6.0 Stealth
 + Level 8.4 Unarmed Combat
 - Level 7.1 Spellcasting
 - Level 11.0 Hexes


You had 10 spell levels left.
You knew the following spells:

 Your Spells              Type           Power        Failure   Level  Hunger
a - Tukima's Dance        Hex            ######..     1%          3    None
b - Corona                Hex            ######.      1%          1    None
c - Ensorcelled Hibernat  Hex/Ice        #####.       1%          2    None
e - Confuse               Hex            ######..     1%          3    None
f - Dazzling Spray        Conj/Hex       #####.       1%          3    None


Dungeon Overview and Level Annotations

Branches:
Dungeon (8/15)             Temple (0/1) D:6
   Lair: D:8-11

Altars:
Cheibriados
Dithmenos
Fedhas
Kikubaaqudgha
Makhleb
Nemelex Xobeh
Ru
Sif Muna
Trog
Zin

Annotations:
D:2 Sigmund


Innate Abilities, Weirdness & Mutations

You cannot wear armour.
You are incapable of wielding weapons or throwing items.
You have sharp claws.
You have razor-sharp teeth.
You have supernaturally acute eyesight. (SInv)
You are carnivorous and can eat meat at any time.
You cover ground quickly.
You are covered in thick fur. (AC +2)
You have a slow metabolism.
Your sharp claws are effective at attacking unaware monsters.


Message History

You feel very buoyant.
You fly up into the air.
The giant frog misses you.
The orc wizard casts a spell.
The orc wizard blinks!
The giant frog misses you.
Casting: Confuse
Confirm with . or Enter, or press ? or * to list all spells.
Aiming: Confuse
Press: ? - help, Shift-Dir - straight line, f - giant frog
Aim: a giant frog (umbra, chance to defeat MR: 78%)
The giant frog appears confused.
The giant frog misses the orc.
The giant frog misses the orc.
An orc comes into view. It is wielding a staff of death.
The orc wizard casts a cantrip, but nothing happens.
The orc wizard misses you.
The orc wizard mumbles some strange words.
The orc wizard flickers and vanishes for a moment.
The orc priest mumbles some strange prayers to Beogh against you.
Beogh smites you!
You die...

#...........
#.........o.
#........oo
#........#
###........#
......o...#
#...o...#
#......o######
######..o..##...@.#
.##)...#####.F###.#
.##.#.o..oo.o## .#
..........#### .#
...##.....# .#
.########## .# .#
.# ## ## #


You could see a giant frog (confused), an orc priest, 2 orc wizards and an orc.

Vanquished Creatures
  The ghost of ilikecats the Cleaver, a novice HOFE of Vehumet (D:7)
  Prince Ribbit (D:7)
  An ice beast (D:6)
  2 black bears (D:7)
  A wasp (D:7)
  A necrophage (D:7)
  A phantom (D:7)
  A sky beast (D:6)
  3 ogres
  A centaur (D:6)
  A giant frog (D:6)
  A scorpion (D:6)
  5 crimson imps
  A giant frog zombie (D:7)
  2 centaur zombies
  A wasp zombie (D:8)
  7 orc priests
  A centaur skeleton (D:7)
  2 giant frog skeletons
  4 iguanas
  4 worker ants
  Natasha (twice) (D:2)
  9 orc wizards
  A worker ant zombie (D:6)
  7 gnolls
  12 adders
  An ooze (D:1)
  5 worms
  5 dart slugs
  4 giant geckos
  33 orcs
  4 bats
  3 giant cockroaches
  7 goblins
  6 hobgoblins
  9 jackals
  7 kobolds
  2 quokkas (D:7)
  2 ball pythons (D:1)
  4 giant newts
  A quokka zombie (D:7)
  12 rats
178 creatures vanquished.

Notes
Turn   | Place    | Note
-------+----------+-------------------------------------------
     0 | D:1      | Amnesiac the Felid Enchanter began the quest for the Orb.
     0 | D:1      | Reached XP level 1. HP: 7/7 MP: 4/4
    56 | D:1      | Reached XP level 2. HP: 11/11 MP: 3/6
    60 | D:1      | Learned a level 2 spell: Ensorcelled Hibernation
   822 | D:2      | Found a shadowy altar of Dithmenos.
   836 | D:2      | Reached XP level 3. HP: 14/14 MP: 4/7
   841 | D:2      | Learned a level 3 spell: Confuse
   896 | D:2      | Became a worshipper of Dithmenos the Shadowed
  1291 | D:2      | Noticed Sigmund
  1892 | D:2      | Reached XP level 4. HP: 18/18 MP: 8/8
  2008 | D:2      | Noticed Natasha
  2219 | D:2      | Reached skill level 5 in Hexes
  2851 | D:2      | Killed Natasha
  2973 | D:2      | Noticed Natasha
  2977 | D:2      | Killed Natasha
  2977 | D:2      | Reached skill level 6 in Hexes
  2977 | D:2      | Reached XP level 5. HP: 21/21 MP: 4/9
  3050 | D:3      | Reached * piety under Dithmenos
  3785 | D:3      | Found a blossoming altar of Fedhas.
  3793 | D:3      | Found a sparkling altar of Nemelex Xobeh.
  4451 | D:3      | Reached skill level 7 in Hexes
  4885 | D:4      | Found a sacrificial altar of Ru.
  4963 | D:4      | Gained mutation: You are covered in thick fur. (AC +2) [Felid growth]
  4963 | D:4      | Reached XP level 6. HP: 21/24 MP: 7/10
  5026 | D:4      | Reached skill level 8 in Hexes
  5062 | D:4      | Found a glowing silver altar of Zin.
  5588 | D:4      | Reached ** piety under Dithmenos
  5752 | D:4      | Found a bloodstained altar of Trog.
  6188 | D:4      | Reached skill level 5 in Unarmed Combat
  6322 | D:4      | Reached skill level 5 in Stealth
  6322 | D:4      | Reached XP level 7. HP: 20/27 MP: 9/11
  6413 | D:5      | Entered Level 5 of the Dungeon
  6863 | D:5      | Found a snail-covered altar of Cheibriados.
  7661 | D:5      | Learned a level 3 spell: Tukima's Dance
  7665 | D:5      | Learned a level 3 spell: Dazzling Spray
  7917 | D:6      | Killed from afar by an orc priest
  7918 | D:6      | Reached XP level 6. HP: -8/24 MP: 7/12
  7921 | D:6      | Found a deep blue altar of Sif Muna.
  7929 | D:6      | Noticed an ice beast
  7960 | D:6      | Reached XP level 7. HP: 27/27 MP: 2/14
  8065 | D:6      | Found a staircase to the Ecumenical Temple.
  8067 | D:6      | Reached skill level 5 in Spellcasting
  8242 | D:6      | Reached *** piety under Dithmenos
  8322 | D:6      | Reached skill level 9 in Hexes
  8596 | D:6      | Reached skill level 10 in Hexes
  8596 | D:6      | Reached XP level 8. HP: 25/31 MP: 9/16
  8811 | D:6      | Found an ancient bone altar of Kikubaaqudgha.
  8812 | D:6      | Found a burning altar of Makhleb.
  9117 | D:7      | Reached skill level 11 in Hexes
  9123 | D:7      | Noticed ilikecats's ghost (novice HOFE)
  9137 | D:7      | Killed from afar by ilikecats's ghost
  9138 | D:7      | Reached XP level 7. HP: -2/27 MP: 11/15
  9167 | D:7      | Noticed Prince Ribbit
  9174 | D:7      | Killed Prince Ribbit
  9237 | D:7      | Killed ilikecats's ghost
  9237 | D:7      | Reached XP level 8. HP: 28/31 MP: 9/19
  9992 | D:7      | Reached XP level 9. HP: 33/33 MP: 17/20
 10012 | D:7      | Found a sparkling altar of Nemelex Xobeh.
 10429 | D:8      | Killed from afar by an orc priest

Vault maps used:
D:1:      scummos_arrival_star
D:2:      nicolae_dithmenos_shadow_blocks, uniq_sigmund, uniq_natasha
D:3:      minitemple
D:4:      kennysheep_little_box, nicolae_overflow_crystal_walls, zin_scriptorium
D:5:      kennysheep_slug_shrine, first_bread
D:6:      nicolae_overflow_hidden_temple, gammafunk_temple_overflow_statue,
          kennysheep_generic_room_11
D:7:      nemelex_diamond_rough_becter, uniq_prince_ribbit1
D:8:      lemuel_crystal_altar, the_bakery, solitary_fountain

Skill      XL: |  1  2  3  4  5  6  7  8 |
---------------+-------------------------+-----
Unarmed Combat | 2 3 4 5 6 8 |  8.4
Hexes          | 6 7 8 10 11 | 11.0
Stealth        | 5 6 |  6.0
Spellcasting   | 4 6 7 |  7.1
Dodging        | |  2.6

Action                   |  1- 3 |  4- 6 |  7- 9 || total
-------------------------+-------+-------+-------++-------
Melee: Unarmed           |    73 |   142 |   224 ||   439
       Bite              |     2 |     5 |    22 ||    29
       Punch             |       |     1 |     8 ||     9
 Cast: Corona            |     2 |       |       ||     2
       Ensorcelled Hiber |    17 |    49 |    34 ||   100
       Confuse           |     1 |    16 |    45 ||    62
       Dazzling Spray    |       |     1 |     5 ||     6
  Use: Potion            |     1 |     2 |     3 ||     6
 Stab: Sleeping          |    21 |    36 |    29 ||    86
       Confused          |       |     4 |    33 ||    37
       Distracted        |       |     2 |     3 ||     5
       Invisible         |       |       |     3 ||     3
  Eat: Chunk             |     9 |    16 |    21 ||    46
Armor: Skin              |     5 |     4 |     3 ||    12
Dodge: Dodged            |    57 |   100 |   112 ||   269
